 Dungeon Crawl Stone Soup version 0.19.4-8-ga85b6b9 (webtiles) character file.

575 Naow the Chopper (level 7, -4/52 HPs)
             Began as a Formicid Fighter on Feb 14, 2017.
             Killed by nerve-wracking pain
             ... invoked by a shadow imp
              (13 damage)
             ... on level 5 of the Dungeon.
             The game lasted 00:05:14 (5498 turns).

Naow the Chopper (Formicid Fighter)                 Turns: 5498, Time: 00:05:15

Health: -4/52      AC:  7    Str: 23    XL:     7   Next: 61%
Magic:  16/16      EV:  7    Int:  7    God:
Gold:   296        SH:  8    Dex: 10    Spells: 0 memorised, 6 levels left

rFire  . . .     SeeInvis +     a - +0 war axe
rCold  . . .     Gourm    .     b - +0 scale mail
rNeg   . . .     Faith    .     c - +0 shield
rPois  +         Spirit   .     (helmet unavailable)
rElec  .         Reflect  .     x - +0 cloak (curse)
rCorr  .         Harm     .     (no gloves)
MR     .....                    (no boots)
Stlth  ..........               (no amulet)
                                z - ring of poison resistance
                                u - ring of magical power

@: heavily drained
A: permanent stasis, dig shafts and tunnels, four strong arms, antennae 3
a: Dig, Shaft Self


You were on level 5 of the Dungeon.
You were not hungry.

You visited 1 branch of the dungeon, and saw 5 of its levels.

You collected 296 gold pieces.

Inventory:

Hand Weapons
 a - a +0 war axe (weapon)
Armour
 b - a +0 scale mail (worn)
 c - a +0 shield (worn)
 x - a cursed +0 cloak (worn)
Jewellery
 u - a ring of magical power (left hand)
 z - a ring of poison resistance (right hand)
Wands
 y - a wand of slowing (19/48)
Scrolls
 e - 4 scrolls of remove curse {unknown}
 g - a scroll of enchant weapon {unknown}
 i - 6 scrolls of identify {unknown}
 j - a scroll of fear {unknown}
 l - a scroll of random uselessness {unknown}
 m - 3 scrolls of teleportation {unknown}
 n - a scroll of immolation {unknown}
 p - a scroll of recharging {unknown}
 t - 2 scrolls of enchant armour {unknown}
Potions
 h - 2 potions of flight {unknown}
 k - 3 potions of curing
 o - a potion of haste {unknown}
 r - 2 potions of heal wounds {unknown}
 s - 2 potions of degeneration {unknown}
 w - 2 potions of mutation {unknown}
 A - a potion of lignification {unknown}
 C - a potion of agility {unknown}
Comestibles
 d - a royal jelly
 f - 5 bread rations
 q - 5 meat rations
 v - 2 slices of pizza
 B - 3 fruits


   Skills:
 - Level 3.2(0.9) Fighting
 * Level 7.9(5.2) Axes
 - Level 3.2(0.9) Armour
 - Level 3.6(1.2) Shields


You had 6 spell levels left.
You didn't know any spells.

Dungeon Overview and Level Annotations

Branches:
Dungeon (5/15)
 Temple: D:4-7

Altars:
Cheibriados
Dithmenos

Shops:
D:4 !


Innate Abilities, Weirdness & Mutations

You are under a permanent stasis effect.
You can dig through walls and to a lower floor.
Your four strong arms can wield two-handed weapons with a shield.
You have a pair of large antennae on your head. (SInv)


Message History

The ice beast is almost dead.
You hit the shadow imp.
The shadow imp hits you but does no damage.
The ice beast barely misses you.
You closely miss the ice beast.
The ice beast is almost dead.
Your scale mail prevents you from hitting the shadow imp.
You block the shadow imp's attack. The ice beast hits you.
The ice beast freezes you!
The shadow imp hits you but does no damage.
The ice beast hits you. The ice beast freezes you!
* * * LOW HITPOINT WARNING * * *
You are too injured to fight recklessly!
You are too injured to fight recklessly!
Your shield prevents you from hitting the ice beast.
The ice beast is almost dead.
You hit the shadow imp. The shadow imp gestures at you.
Pain shoots through your body!
You die...

.....##.# .. #.......#
. #.......#.#
#.....$...# #.....%#.#
#..?.....# #....5Y.#
#....@..# #......##
#......# #..##### ##
#.## #############.
##.# #...>.........
#..#######.############
##.###......#
#...<..######


You could see an ice beast and a shadow imp.

Vanquished Creatures
  A scorpion (D:4)
  A centaur skeleton (D:4)
  3 orc priests
  A bullfrog skeleton (D:4)
  Crazy Yiuf (D:3)
  An iguana (D:4)
  5 orc wizards (D:4)
  A worker ant (D:4)
  6 adders
  A gnoll (D:4)
  2 worms (D:3)
  A dart slug (D:3)
  2 leopard geckos
  12 orcs
  2 ball pythons
  6 bats
  5 giant cockroaches
  8 hobgoblins
  A jackal (D:1)
  13 kobolds
  7 frilled lizards
  9 goblins
  11 rats
100 creatures vanquished.

Notes
Turn   | Place    | Note
-------+----------+-------------------------------------------
     0 | D:1      | Naow the Formicid Fighter began the quest for the Orb.
     0 | D:1      | Reached XP level 1. HP: 18/18 MP: 1/1
   142 | D:1      | Reached XP level 2. HP: 24/24 MP: 2/2
   307 | D:1      | Reached skill level 3 in Axes
   574 | D:1      | Reached XP level 3. HP: 29/29 MP: 3/3
  1250 | D:2      | Reached XP level 4. HP: 35/35 MP: 4/4
  1251 | D:2      | Reached skill level 4 in Axes
  2565 | D:3      | Reached XP level 5. HP: 27/41 MP: 5/5
  3024 | D:3      | Reached skill level 5 in Axes
  3119 | D:3      | Found a runed door.
  3447 | D:3      | Noticed Crazy Yiuf
  3456 | D:3      | Killed Crazy Yiuf
  3456 | D:3      | Reached XP level 6. HP: 23/47 MP: 6/6
  3768 | D:4      | Found a snail-covered altar of Cheibriados.
  3957 | D:4      | Reached skill level 6 in Axes
  4404 | D:4      | Found a shadowy altar of Dithmenos.
  4412 | D:4      | Reached skill level 7 in Axes
  4412 | D:4      | Reached XP level 7. HP: 52/52 MP: 7/7
  4936 | D:4      | Found Mixkydip's Distillery.
  5458 | D:5      | Entered Level 5 of the Dungeon
  5498 | D:5      | Killed from afar by a shadow imp

Skill      XL: |  1  2  3  4  5  6 |
---------------+-------------------+-----
Axes           | 3 4 5 7 |  7.9
Fighting       | |  3.2
Armour         | |  3.2
Shields        | |  3.6

Action                   |  1- 3 |  4- 6 |  7- 9 || total
-------------------------+-------+-------+-------++-------
Melee: War axe           |    88 |   190 |    72 ||   350
  Use: Potion            |       |     2 |       ||     2
  Eat: Chunk             |     1 |     9 |     5 ||    15
Armor: Scale mail        |    38 |    71 |    28 ||   137
Dodge: Dodged            |    30 |    55 |    15 ||   100
Block: Shield            |    43 |    90 |    26 ||   159
